 Dungeon Crawl Stone Soup version 0.31.0-9-g3a7656b989 (webtiles) character file.

Game seed: 311841108102038875

89 qw the Shooter (level 4, -1/22 HPs)
             Began as a Spriggan Hunter on Feb 2, 2024.
             Slain by an elf zombie (5 damage)
             ... in an ossuary.
             The game lasted 00:00:06 (1039 turns).

qw the Shooter (Spriggan Hunter)                    Turns: 1039, Time: 00:00:06

Health: -1/22      AC:  2    Str:  7    XL:     4   Next: 31%
Magic:  5/5        EV: 20    Int: 10    God:
Gold:   150        SH:  0    Dex: 20    Spells: 3/3 levels left

rFire   . . .        a - +0 shortbow
rCold   . . .        (shield currently unavailable)
rNeg    . . .        c - +0 robe
rPois   .            (helmet restricted)
rElec   .            (no cloak)
rCorr   .            (gloves unavailable)
SInv    +            (boots unavailable)
Will    .....        (no amulet)
Stlth   ++           (no ring)
HPRegen 0.23/turn    (no ring)
MPRegen 0.09/turn

%: no passive effects
@: hasted, very quick
A: very small, no large weapons, unfitting armour, see invisible, speed 3
a: no special abilities


You were in an ossuary.
You visited 1 branch of the dungeon, and saw 3 of its levels.
You also visited: Ossuary.

You collected 150 gold pieces.


Innate Abilities, Weirdness & Mutations

You are very small and have problems with some larger weapons.
You are too small for most types of armour.
You have supernaturally acute eyesight. (SInv)
You cover ground extremely quickly. (Speed+++)


   Skills:
 - Level 1.5 Fighting
 - Level 5.0 Ranged Weapons
 + Level 4.7 Dodging
 - Level 1.5 Stealth


You had 3 spell levels left.
You didn't know any spells.
Your spell library was empty.

Inventory:

Hand Weapons
 a - a +0 shortbow (weapon)
Armour
 c - a +0 robe (worn)
Scrolls
 g - a scroll of enchant armour
Potions
 b - a potion of cancellation
 i - a potion of attraction {unknown}

Dungeon Overview and Level Annotations

Branches:
Dungeon (4/15)            Ossuary (1/1)
 Temple: D:4-7

Altars:
Qazlal


Message History

The elf zombie is lightly damaged.
The orc zombie hits you but does no damage.
The gnoll zombie misses you. The goblin zombie misses you.
The rat zombie misses you. The human zombie completely misses you.
You shoot an arrow. The arrow hits the elf zombie.
The elf zombie is moderately damaged.
The rat zombie closely misses you.
The elf zombie hits you but does no damage.
The gnoll zombie closely misses you. The orc zombie misses you.
You shoot an arrow. The arrow hits the elf zombie!
The elf zombie is heavily damaged.
The rat zombie completely misses you. The gnoll zombie misses you.
The goblin zombie closely misses you. The human zombie hits you!
You shoot an arrow. The arrow hits the elf zombie!
The elf zombie is heavily damaged.
The gnoll zombie completely misses you. The rat zombie barely misses you.
The rat zombie misses you. The gnoll zombie completely misses you.
The elf zombie hits you.
The goblin zombie completely misses you.
The orc zombie misses you. The human zombie closely misses you.
You shoot an arrow. The arrow hits the elf zombie.
The elf zombie is severely damaged.
The rat zombie bites you.
The gnoll zombie hits you but does no damage.
You shoot an arrow. The arrow hits the elf zombie.
The elf zombie is severely damaged.
The gnoll zombie misses you.
The goblin zombie completely misses you.
The rat zombie misses you.
The elf zombie hits you but does no damage.
The human zombie closely misses you. The orc zombie completely misses you.
You shoot an arrow.
The arrow closely misses the elf zombie.
The arrow hits the adder zombie!
The adder zombie is heavily damaged.
The gnoll zombie hits you.
The gnoll zombie hits you but does no damage.
The goblin zombie hits you but does no damage.
The rat zombie misses you. The elf zombie hits you.
You die...

...............
...............
...............
...............
...............
.......Z.......
......ZZZ......
.....ZZ@ZZ.....
......ZZZ......
...............
...............
...............
...............
...............
...............


You could see an adder zombie, 2 rat zombies, a hound zombie, a goblin zombie, 2
gnoll zombies, 2 orc zombies, an elf zombie and a human zombie.

Vanquished Creatures
  An iguana (D:4)
  2 adders (D:1)
  3 dart slugs
  4 bats (D:1)
  3 endoplasms
  A giant cockroach (D:1)
  A gnoll zombie (D:4)
  2 goblins (D:1)
  2 hobgoblins
  2 jackals (D:1)
  5 quokkas
  6 ball pythons (D:1)
  A goblin zombie (D:4)
  A jackal zombie (Ossuary)
  2 kobolds
  3 rats
39 creatures vanquished.

Notes
Turn   | Place    | Note
-------+----------+-------------------------------------------
     0 | D:1      | qw the Spriggan Hunter began the quest for the Orb.
     0 | D:1      | Reached XP level 1. HP: 10/10 MP: 2/2
     0 | D:1      | 0 ||| qw: Version: 0.3-a-155-g5e7d8dd
     0 | D:1      | 0 ||| qw: Game counter: 2582
     0 | D:1      | 0 ||| qw: Melee chars always use a shield: true
     0 | D:1      | 0 ||| qw: God list: Okawaru
     0 | D:1      | 0 ||| qw: Allow faded altars: false
     0 | D:1      | 0 ||| qw: Do Orc after clearing Dungeon:15 true
     0 | D:1      | 0 ||| qw: Do second Lair branch before Depths: true
     0 | D:1      | 0 ||| qw: Lair rune preference: random
     0 | D:1      | 0 ||| qw: Goals: Normal
     0 | D:1      | 0 ||| PLANNING D:1-11
    44 | D:1      | Reached skill level 3 in Dodging
   106 | D:1      | Reached XP level 2. HP: 12/14 MP: 3/3
   699 | D:1      | Reached XP level 3. HP: 18/18 MP: 4/4
   730 | D:1      | 730 ||| READING scroll labelled NAMEME ASHA.
   731 | D:1      | 731 ||| READING 2 scrolls labelled YPEMMA FILISU.
   731 | D:1      | 731 ||| ENCHANTING +0 shortbow.
   732 | D:1      | 732 ||| READING scroll labelled WURUN JERUHE.
   732 | D:1      | 732 ||| IDENTIFYING glowing pink potion
   733 | D:1      | 733 ||| DROPPING scroll of butterflies.
   734 | D:1      | 734 ||| DROPPING potion of lignification.
   736 | D:1      | 736 ||| Stepping ~*~*~tactically~*~*~ (cloud).
   820 | D:2      | 820 ||| STAIRDANCE
   838 | D:2      | 838 ||| STAIRDANCE
   928 | D:2      | You fall into a shaft and drop 2 floors!
   928 | D:4      | Found a stormy altar of Qazlal.
   929 | D:4      | 929 ||| PLANNING OSSUARY
   935 | D:4      | Reached skill level 5 in Ranged Weapons
   991 | D:4      | Found a sand-covered staircase.
  1000 | D:4      | 1000 ||| READING scroll of identify.
  1000 | D:4      | 1000 ||| IDENTIFYING brown potion
  1001 | D:4      | 1001 ||| READING scroll labelled LADUDO OQARRI.
  1002 | D:4      | 1002 ||| DRINKING 2 dark potions.
  1003 | D:4      | 1003 ||| DRINKING puce potion.
  1004 | D:4      | 1004 ||| DRINKING black potion.
  1005 | D:4      | 1005 ||| DROPPING potion of ambrosia.
  1014 | D:4      | Reached XP level 4. HP: 22/22 MP: 5/5
  1021 | Ossuary  | Entered an ossuary
  1039 | Ossuary  | HP: 4/22 [gnoll zombie (3)]
  1039 | Ossuary  | Slain by an elf zombie

Levels and vault maps discovered:
D:1:      ncdulo_smallfort, layout_loops_ring, nrook_uturn
D:2:      layout_rooms, dreamdust_ecumenical_altar_statues, uniq_robin
D:4:      layout_rooms, mainiacjoe_overflow_six_doors_small,
          gammafunk_temple_overflow_elements, enter_ossuary_3, serial_forest,
          infiniplex_forest_lined_ring, infiniplex_forest_straight_4,
          infiniplex_forest_zigzag_1, infiniplex_forest_lined_3,
          pf_guarded_unrand_meek, uniq_duvessa
Ossuary:  ossuary_minmay_tomb_2a

Skill      XL: |  1  2  3 |
---------------+----------+-----
Dodging        | 3 4 |  4.7
Ranged Weapons | 5 |  5.0
Fighting       | |  1.5
Stealth        | |  1.5

Action                     |  1- 3 |  4- 6 || total
---------------------------+-------+-------++-------
   Fire: Shortbow          |   125 |    19 ||   144
    Use: Scroll            |     5 |       ||     5
         Potion            |     3 |       ||     3
 Armour: Robe              |     9 |    13 ||    22
  Dodge: Dodged            |    62 |    40 ||   102

Table legend:
 A = Non-vault XP
 B = Vault XP
 C = Vault XP percentage of total XP
 D = Non-vault monster count
 E = Vault monster count
 F = Vault count percentage of total count
                 A         B        C        D         E       F
            +---------+---------+-------+---------+---------+-------
      Total |     124 |       4 |   3.1 |      36 |       3 |   7.7
            +---------+---------+-------+---------+---------+-------
        D:1 |      68 |       0 |   0.0 |      26 |       0 |   0.0
        D:2 |      14 |       0 |   0.0 |       6 |       0 |   0.0
        D:4 |      42 |       3 |   6.7 |       4 |       2 |  33.3
    Ossuary |       0 |       1 | 100.0 |       0 |       1 | 100.0
            +---------+---------+-------+---------+---------+-------
